 Dungeon Crawl Stone Soup version 0.29-a0-993-g4a18f31a58 (webtiles) character file.

Game seed: 13762558636166016659

46773 Nato the Nimble (level 14, -1/145 HPs)
             Began as an Octopode Ice Elementalist on July 21, 2022.
             Was an Elder of Vehumet.
             Slain by a blink frog (6 damage)
             ... on level 5 of the Lair of Beasts on Aug 3, 2022.
             The game lasted 01:37:14 (28692 turns).

Nato the Nimble (Octopode Ice Elementalist)        Turns: 28692, Time: 01:37:15

Health: -1/145     AC: 27    Str:  7    XL:     14   Next: 39%
Magic:  28/55      EV:  2    Int: 22    God:    Vehumet [****..]
Gold:   767        SH:  0    Dex: 13    Spells: 14/33 levels left

rFire   . . .      SeeInvis +   l - staff of conjuration
rCold   . . .      Faith    .   (no shield)
rNeg    . . .      Spirit   .   (helmet currently unavailable)
rPois   +          Reflect  .   (no amulet)
rElec   .          Harm     .   j - ring of magical power
rCorr   +          Rampage  .   p - ring of wizardry
Will    ++...      NoTele   +   r - ring of magical power
Stlth   ++........              s - ring of magical power
HPRegen 0.34/turn               J - ring of see invisible
MPRegen 0.34/turn               Q - ring of resist corrosion
                                (no ring)
                                (no ring)

@: tree-form, unable to read
A: stationary, stasis, torment immunity, boosted hp, almost no armour,
(amphibious), 8 rings, (camouflage 1), (gelatinous body 1), (nimble swimmer 1),
(tentacles), strong-willed 1, inability to read while threatened 1
a: Renounce Religion


You were on level 5 of the Lair of Beasts.
You worshipped Vehumet.
Vehumet was greatly pleased with you.
You were a tree.
You visited 3 branches of the dungeon, and saw 17 of its levels.

You collected 767 gold pieces.

Inventory:

Hand Weapons
 t - a +0 sling
 w - the +1 whip "Ywkiam" {pain, rElec Int+3}
   (You found it on level 4 of the Dungeon)

   In the hands of one skilled in necromantic magic, it inflicts extra damage on
   living creatures.
   Int:       It affects your intelligence (+3).
   rElec:     It insulates you from electricity.
Missiles
 e - 2 throwing nets
Magical Staves
 l - a staff of conjuration (weapon)
 L - a staff of earth
Jewellery
 j - a ring of magical power (left branch)
 p - a ring of wizardry (right branch)
 r - a ring of magical power (on tentacle)
 s - a ring of magical power (on tentacle)
 J - a ring of see invisible (on tentacle)
 Q - a ring of resist corrosion (on tentacle)
Wands
 v - a wand of light (4) (quivered)
 C - a wand of flame (25)
 E - a wand of charming (27)
 H - a wand of polymorph (3)
 I - a wand of mindburst (2)
 M - a wand of iceblast (2)
Scrolls
 c - 3 scrolls of blinking {unknown}
 d - 6 scrolls of enchant weapon
 h - 5 scrolls of teleportation
 m - 3 scrolls of amnesia {unknown}
 n - 2 scrolls of poison {unknown}
 o - 5 scrolls of immolation {unknown}
 q - 2 scrolls of silence {unknown}
 u - 3 scrolls of enchant armour
 x - 3 scrolls of magic mapping
 y - 4 scrolls of noise
 F - a scroll of butterflies {unknown}
 K - 2 scrolls of fear {unknown}
 O - a scroll of identify
 P - 2 scrolls of brand weapon {unknown}
 R - a scroll of torment {unknown}
Potions
 a - 2 potions of magic
 b - 4 potions of attraction
 f - 7 potions of haste
 g - a potion of flight {unknown}
 i - 24 potions of degeneration
 k - 9 potions of curing
 z - a potion of lignification
 A - a potion of might {unknown}
 B - a potion of berserk rage {unknown}
 D - 3 potions of mutation
 G - a potion of brilliance {unknown}
 N - a potion of cancellation {unknown}


   Skills:
 + Level 9.0 Fighting
 - Level 13.0 Dodging
 - Level 2.6 Stealth
 - Level 10.0 Spellcasting
 - Level 13.0 Conjurations
 - Level 4.0 Ice Magic
 - Level 10.0 Earth Magic
 - Level 10.0 Evocations


You had 14 spell levels left.
You knew the following spells:

 Your Spells              Type           Power      Damage    Failure   Level
a - Freeze                Ice            100%       1d11      1%          1
b - Frozen Ramparts       Ice            56%        1d13      1%          3
c - Ozocubu's Armour      Ice            28%        N/A       1%          3
d - Hailstorm             Conj/Ice       64%        3d14      1%          4
e - Lehudib's Crystal Sp  Conj/Erth      37%        10d9      32%         8

Your spell library contained the following spells:

 Spells                   Type           Power      Damage    Failure   Level
 Airstrike                Air            5%         2d(1-17)  7%          4
 Dazzling Flash           Conj/Hex       100%       N/A       1%          3
 Iron Shot                Conj/Erth      37%        9d7       1%          6
 Apportation              Tloc           22%        N/A       2%          1
 Necrotise                Necr           44%        1d6       2%          1
 Summon Small Mammal      Summ           44%        N/A       2%          1
 Borgnjor's Vile Clutch   Necr/Erth      16%        N/A       9%          5
 Animate Dead             Necr           11%        N/A       24%         4
 Passage of Golubria      Tloc           11%        N/A       24%         4
 Agony                    Necr           11%        N/A       52%         5
 Blade Hands              Tmut           5%         N/A       52%         5
 Silence                  Hex/Air        5%         N/A       52%         5
 Death Channel            Necr           5%         N/A       97%         6
 Animate Armour           Summ/Erth      Unusable   N/A       N/A         4

Dungeon Overview and Level Annotations

Branches:
Dungeon (11/15)            Temple (1/1) D:6            Lair (5/5) D:11
 Shoals (0/4) Lair:2       Spider (0/4) Lair:3        Slime (0/5) Lair:4
    Orc (0/2) D:11

Altars:
Ashenzari
Cheibriados
Dithmenos
Elyvilon
Fedhas
Gozag
Hepliaklqana
Kikubaaqudgha
Makhleb
Nemelex Xobeh
Okawaru
Qazlal
Ru
Sif Muna
Trog
Uskayaw
Vehumet
Wu Jian
Xom
Yredelemnul
Zin
The Shining One
Jiyva

Shops:
D:7 *   D:9 [*

Annotations:
D:5 3 runed translucent doors, exclusion: centaur, Sigmund
D:8 exclusion: hornet
D:9 exclusion: obsidian statue
Lair:5 1 runed translucent door, Tollund's ghost, journeyman BaIE


Innate Abilities, Weirdness & Mutations

You are a tree.
Your roots penetrate the ground, keeping you stationary.
You cannot be teleported.
You are immune to unholy pain and torment.
Your maximum health is greatly increased.
You cannot wear most types of armour.
((You are amphibious.))
You can wear up to eight rings at the same time.
((Your skin changes colour to match your surroundings (Stealth+).))
((Your rubbery body absorbs attacks. (AC +1, EV +1)))
((You are camouflaged when in or above water. (Stealth+)))
((You have tentacles for arms and can constrict up to eight enemies at once.))
You are strong-willed. (Will+)
You occasionally lose the ability to read scrolls when taking damage.


Message History

The blink frog is almost dead.
The blink frog seems to slow down.
The blink frog hits you!!
You feel threatened and lose the ability to read scrolls!
* * * LOW HITPOINT WARNING * * *
The blink frog hits you!
* * * LOW HITPOINT WARNING * * *
The blink frog closely misses you.
Unknown command.
You turn into a tree.
Your roots penetrate the ground.
The blink frog blinks!
The blink frog hits you.
* * * LOW HITPOINT WARNING * * *
Casting: Freeze (safe; 1% risk of failure)
Confirm with . or Enter, or press ? or * to list all spells.
Aiming: Freeze (safe; 1% risk of failure)
Press: ? - help, Shift-Dir - straight line, f/p - blink frog
Aim: a blink frog (almost dead, slow)
You freeze the blink frog!
You kill the blink frog!
Vehumet accepts your kill.
You feel your power returning.
The blink frog blinks!
Your Fighting skill increases to level 9!
The blink frog blinks!
Casting: Freeze (safe; 1% risk of failure)
Confirm with . or Enter, or press ? or * to list all spells.
Aiming: Freeze (safe; 1% risk of failure)
Press: ? - help, Shift-Dir - straight line, f - blink frog
Aim: a blink frog (severely wounded)
You freeze the blink frog.
The blink frog is severely wounded.
The blink frog seems to slow down.
The blink frog completely misses you.
Unknown command.
Casting: Freeze (safe; 1% risk of failure)
Confirm with . or Enter, or press ? or * to list all spells.
Aiming: Freeze (safe; 1% risk of failure)
Press: ? - help, Shift-Dir - straight line, f/p - blink frog
Aim: a blink frog (severely wounded, slow)
You freeze the blink frog.
The blink frog is severely wounded.
The blink frog seems to slow down.
The blink frog hits you.
You die...

♣i....♣♣♣ ♣♣♣♣♣♣ ♣.)..♣♣♣
♣....♣♣ ♣...♣...♣♣♣ ♣.....♣
♣.... ♣♣♣♣).♣♣ ♣....♣♣ ...♣
♣...♣♣♣...♣♣ .♣ ♣♣..♣.♣..♣♣
♣♣♣......♣.♣♣
♣♣♣♣♣)).♣♣......♣♣♣♣
♣♣♣♣††♣.♣♣♣♣♣♣♣.♣.))♣♣)
♣♣....F♣♣♣ ♣♣♣♣♣....
♣♣♣♣.......♣ ♣♣).♣
♣♣..........♣♣ ♣♣..♣
♣♣♣♣♣♣............♣♣♣♣♣ ♣...♣
.................Y....♣♣♣♣
♣♣..♣♣
.........................♣♣♣..♣♣
....................F.........#
#......#..###................##


You could see a blink frog (slow).

Vanquished Creatures
  4 hydras
  2 boulder beetles
  Erica (D:11)
  A catoblepas (Lair:3)
  3 two-headed ogres
  An orc knight (D:11)
  A deep elf pyromancer (D:9)
  An oklob plant (D:11)
  A manticore (D:11)
  5 black mambas
  A merfolk siren (Lair:2)
  2 gargoyles (D:11)
  12 cane toads
  6 komodo dragons
  4 rime drakes
  A troll (D:10)
  A meliai (Lair:3)
  8 polar bears
  5 hornets (Lair:5)
  2 dream sheep (Lair:5)
  41 blink frogs
  15 spriggans
  46 yaks
  A water elemental (D:11)
  4 wyverns
  A shadow (D:11)
  3 basilisks (Lair:3)
  Menkaure (D:7)
  3 acid dragons
  15 water moccasins
  2 sky beasts
  2 orc warriors
  A black bear (D:6)
  An ogre (D:7)
  21 wolves
  3 boggarts (Lair:5)
  3 centaurs
  2 kobold brigands
  16 bullfrogs
  A necrophage (D:5)
  3 gnoll sergeants
  A scorpion (D:4)
  9 wights
  12 killer bees
  6 electric eels
  2 jellies (D:6)
  3 orc priests (D:11)
  7 hounds
  An iguana (D:5)
  A gnoll bouda (D:5)
  Natasha (thrice) (D:4)
  11 orc wizards
  30 gnolls
  5 adders
  2 shadow imps (D:6)
  2 white imps
  3 worms
  3 dart slugs
  34 orcs
  4 ball pythons
  5 endoplasms
  5 giant cockroaches
  5 goblins
  6 hobgoblins
  12 jackals
  10 kobolds
  5 quokkas
  5 bats
  3 frilled lizards
  5 goblin zombies (D:3)
  2 hobgoblin zombies (D:3)
  A kobold skeleton (D:3)
  2 orc skeletons (D:3)
  6 rats
  A butterfly (D:6)
459 creatures vanquished.

Vanquished Creatures (others)
  A human (D:3)
  2 bushes
  39 fungi
  163 plants
205 creatures vanquished.

Grand Total: 664 creatures vanquished

Notes
Turn   | Place    | Note
-------+----------+-------------------------------------------
     0 | D:1      | Nato the Octopode Ice Elementalist began the quest for the
                  | Orb.
     0 | D:1      | Reached XP level 1. HP: 11/11 MP: 3/3
   216 | D:1      | Reached XP level 2. HP: 16/17 MP: 1/5
   592 | D:1      | Reached XP level 3. HP: 16/21 MP: 0/7
  1363 | D:2      | Learned a level 3 spell: Frozen Ramparts
  1498 | D:2      | Reached XP level 4. HP: 27/27 MP: 3/10
  2418 | D:2      | Found a faded altar of an unknown god.
  2802 | D:2      | Learned a level 3 spell: Ozocubu's Armour
  3163 | D:3      | Reached XP level 5. HP: 24/31 MP: 8/12
  3911 | D:3      | Found a glowing golden altar of the Shining One.
  4246 | D:3      | Found an ancient bone altar of Kikubaaqudgha.
  4249 | D:3      | Noticed a human
  4250 | D:3      | Killed a human
  4874 | D:4      | Found a shadowy altar of Dithmenos.
  4971 | D:4      | Reached skill level 5 in Spellcasting
  5085 | D:4      | Found a shimmering altar of Xom.
  5085 | D:4      | Noticed Natasha
  5437 | D:4      | Reached XP level 6. HP: 35/36 MP: 14/14
  5516 | D:4      | Found a burning altar of Makhleb.
  5521 | D:4      | Identified the +1 whip "Ywkiam" {pain, rElec Int+3}
  5676 | D:4      | Killed Natasha
  5817 | D:4      | Noticed Natasha
  5824 | D:4      | Killed Natasha
  5937 | D:4      | Noticed Natasha
  5943 | D:4      | Killed Natasha
  5992 | D:5      | Entered Level 5 of the Dungeon
  6058 | D:5      | Identified the +3 leather armour "Pikhocs" {*Slow +Blink
                  | rElec Str+3 Int+2}
  6399 | D:5      | HP: 1/36 [gnoll/+0 flail[a gnoll bouda] (13)]
  6406 | D:5      | Reached XP level 7. HP: 18/41 MP: 17/17
  7000 | D:5      | Found a runed translucent gate.
  7000 | D:5      | Found a runed translucent gate.
  7001 | D:5      | Found a runed translucent gate.
  7138 | D:5      | Noticed Sigmund
  7571 | D:6      | Found a staircase to the Ecumenical Temple.
  7578 | Temple   | Entered the Ecumenical Temple
  7731 | Temple   | Became a worshipper of Vehumet
  7815 | D:4      | Learned a level 4 spell: Hailstorm
  8183 | D:6      | Reached skill level 1 in Conjurations
  8429 | D:6      | Reached XP level 8. HP: 35/46 MP: 20/20
  9428 | D:6      | Reached skill level 5 in Conjurations
  9428 | D:6      | Reached skill level 1 in Fighting
  9853 | D:7      | Noticed Menkaure
  9865 | D:7      | Killed Menkaure
  9866 | D:7      | Reached skill level 5 in Fighting
  9866 | D:7      | Reached XP level 9. HP: 61/61 MP: 21/21
 10152 | D:7      | Found Nafucs's Lightly-Used Armoury.
 10294 | D:7      | Reached * piety under Vehumet
 10294 | D:7      | Offered knowledge of Sandblast by Vehumet.
 11112 | D:8      | Identified the +7 war axe of Noon {speed, rC++ rCorr Str+6}
 11120 | D:8      | Found a blossoming altar of Fedhas.
 11121 | D:8      | Noticed a hornet
 11155 | D:8      | Found a glowing silver altar of Zin.
 11155 | D:8      | Noticed an angel
 11216 | D:8      | Reached XP level 10. HP: 27/66 MP: 22/22
 11458 | D:8      | Noticed a two-headed ogre
 11614 | D:8      | Reached skill level 10 in Conjurations
 11914 | D:8      | Killed a two-headed ogre
 12384 | D:9      | Noticed a deep elf pyromancer
 12824 | D:9      | Identified the +7 quarterstaff of Darkness {holy, rPois
                  | Int+2}
 13233 | D:9      | Found Miuracot's Armour Shop.
 13675 | D:9      | Found a hide-covered altar of Uskayaw.
 13691 | D:9      | Found Pefref Haixt's Gadget Gallery.
 13838 | D:9      | Killed a deep elf pyromancer
 13839 | D:9      | Reached skill level 10 in Dodging
 14086 | D:9      | Noticed an obsidian statue
 14128 | D:10     | Entered Level 10 of the Dungeon
 14147 | D:10     | Found a basalt altar of Yredelemnul.
 14239 | D:10     | Found a flagged portal.
 14242 | D:10     | Offered knowledge of Poisonous Vapours by Vehumet.
 14242 | D:10     | Reached ** piety under Vehumet
 14306 | D:10     | Reached XP level 11. HP: 71/71 MP: 23/23
 14384 | D:10     | Upgraded the game from 0.29-a0-885-gb26ba3297d to
                  | 0.29-a0-887-gcbe080d7e0
 14532 | D:10     | Noticed a two-headed ogre
 14540 | D:10     | Killed a two-headed ogre
 15041 | D:10     | Found a white marble altar of Elyvilon.
 15112 | D:10     | Found a snail-covered altar of Cheibriados.
 15559 | D:10     | Found a shimmering blue altar of Sif Muna.
 15674 | D:11     | Noticed a two-headed ogre
 15740 | D:11     | Noticed a boulder beetle
 15778 | D:11     | Killed a boulder beetle
 15872 | D:11     | Noticed Erica
 15899 | D:11     | Killed a two-headed ogre
 16021 | D:11     | Offered knowledge of Static Discharge by Vehumet.
 16097 | D:11     | Noticed an orc knight
 16132 | D:11     | Killed an orc knight
 16132 | D:11     | Reached *** piety under Vehumet
 16307 | D:11     | Found a staircase to the Orcish Mines.
 16528 | D:11     | Upgraded the game from 0.29-a0-887-gcbe080d7e0 to
                  | 0.29-a0-993-g4a18f31a58
 16916 | D:11     | Noticed a manticore
 16985 | D:11     | Killed a manticore
 17417 | D:11     | Killed Erica
 17637 | D:11     | Noticed an oklob plant
 17641 | D:11     | Found a staircase to the Lair.
 17646 | D:11     | Killed an oklob plant
 18020 | Lair:1   | Entered Level 1 of the Lair of Beasts
 18030 | Lair:1   | Reached XP level 12. HP: 77/77 MP: 24/24
 18261 | Lair:1   | Offered knowledge of Conjure Flame by Vehumet.
 18349 | Lair:1   | Noticed an eight-headed hydra
 18362 | Lair:1   | Killed an eight-headed hydra
 19459 | Lair:1   | Learned a level 8 spell: Lehudib's Crystal Spear
 19522 | Lair:2   | Noticed a four-headed hydra
 19532 | Lair:2   | Killed a four-headed hydra
 19533 | Lair:2   | Reached skill level 10 in Spellcasting
 19533 | Lair:2   | Reached skill level 1 in Earth Magic
 20021 | Lair:2   | Reached **** piety under Vehumet
 20074 | Lair:2   | Reached skill level 5 in Earth Magic
 20329 | Lair:2   | Gained mutation: You occasionally lose the ability to read
                  | scrolls when taking damage. [potion of mutation]
 20329 | Lair:2   | Gained mutation: You are strong-willed. (Will+) [potion of
                  | mutation]
 20733 | Lair:2   | Offered knowledge of Yara's Violent Unravelling by Vehumet.
 21275 | Lair:2   | Found a staircase to the Shoals.
 21552 | Lair:2   | Reached XP level 13. HP: 30/81 MP: 27/27
 22183 | Lair:3   | Identified the +1 pair of gloves of Shadows and Fog {rN+++
                  | Will- Regen+ Int+3}
 23168 | Lair:3   | Reached skill level 10 in Earth Magic
 23231 | Lair:3   | Found a hole to the Spider Nest.
 23238 | Lair:3   | Reached skill level 1 in Evocations
 24048 | Lair:4   | Found a staircase to the Slime Pits.
 24050 | Lair:4   | Found a viscous altar of Jiyva.
 24627 | Lair:4   | Reached skill level 5 in Evocations
 25653 | Lair:5   | Entered Level 5 of the Lair of Beasts
 25681 | Lair:5   | Reached ***** piety under Vehumet
 25685 | Lair:5   | Offered knowledge of Airstrike by Vehumet.
 25943 | Lair:5   | Found a runed translucent door.
 25947 | Lair:5   | Noticed Tollund's ghost (journeyman BaIE)
 26595 | Lair:5   | Reached skill level 10 in Evocations
 26596 | Lair:5   | Reached XP level 14. HP: 85/88 MP: 28/28
 26810 | Lair:5   | HP: 1/90 [spriggan rider/+0 spear (30)]
 27466 | Lair:5   | HP: 3/93 [polar bear (3)]
 28682 | Lair:5   | HP: 3/95 [blink frog (11)]
 28692 | Lair:5   | Slain by a blink frog

Illustrated notes

Levels and vault maps discovered:
D:1:      heliophobic_arrival_henge, layout_basic, st_stairs_2,
          minmay_misc_feat_cross
D:2:      layout_loops_ring, ebering_ecumenical_altar_webs,
          kennysheep_cross_room
D:3:      layout_basic, nicolae_tso_besieged_by_evil, tgw_kikubaaqudgha,
          serial_park_tiny_2, serial_park_tiny_pond
D:4:      layout_layer_cave, old_standard_altar, bloody_makhleb,
          xom_teletrap_fun, uniq_natasha
D:5:      layout_basic, gammafunk_ghost_necromancy, grunt_decor_one_mirror,
          nicolae_grassy_gnolls, uniq_sigmund
D:6:      layout_loops_corners, minmay_temple_entry_butterflies
D:7:      minmay_angry_zag, layout_loops_ring, minmay_shop_damaged,
          uniq_menkaure
D:8:      layout_rooms, mainiacjoe_overflow_small_starburst, zin_angel
D:9:      minmay_statue_hallways, layout_rooms, nicolae_uskayaw_suspiria,
          serial_shops, nicolae_square_shop, nicolae_shop_gadgets
D:10:     nicolae_cairo_tiling, layout_stronghold, kennysheep_ying_yang,
          tgw_sif, marbit_many_paths, enter_bailey_7
D:11:     layout_cave_pods, dpeg_oklobed_lair, erik_orc_2, uniq_erica
Temple:   nicolae_temple_bog_church
Lair:1:   layout_loops_ring, grunt_forest_large_clearing_hut
Lair:2:   layout_chaotic_city, minmay_shoals_entry_lonely_mermaid, serial_bayou,
          serial_bayou_pond_c, serial_bayou_shore_a, serial_bayou_shore_b,
          serial_bayou_crossing, serial_bayou_pond_d, serial_bayou_lagoon_a
Lair:3:   wad_woods_structure_01, layout_loops_ring,
          hellmonk_spider_entry_not_the_bees
Lair:4:   layout_loops_ring, slime_entry_1
Lair:5:   minmay_lair_end_enchanted_forest, layout_regular_city,
          hellmonk_ghost_happy_afterlife

Skill      XL: |  1  2  3  4  5  6  7  8  9 10 11 12 13 14 |
---------------+-------------------------------------------+-----
Spellcasting   | 3 4 5 6 8 10 | 10.0
Conjurations   | 2 5 9 10 13 | 13.0
Fighting       | 5 9 |  9.0
Dodging        | 12 13 | 13.0
Earth Magic    | 8 10 | 10.0
Evocations     | 10 | 10.0
Stealth        | |  2.6
Ice Magic      | |  4.0

Action                   |  1- 3 |  4- 6 |  7- 9 | 10-12 | 13-15 || total
-------------------------+-------+-------+-------+-------+-------++-------
Melee: Unarmed           |    16 |     5 |       |       |       ||    21
       Constrict         |     3 |     4 |     2 |       |     3 ||    12
       Tentacles         |     3 |     4 |     4 |       |     8 ||    19
       Punch             |       |     2 |       |       |       ||     2
       Whip              |       |    13 |     3 |       |       ||    16
       Staff             |       |       |     4 |     1 |    14 ||    19
 Fire: Sling             |       |    21 |    32 |       |       ||    53
 Cast: Freeze            |    50 |   115 |    71 |   135 |   190 ||   561
       Frozen Ramparts   |     1 |    34 |    51 |    53 |    37 ||   176
       Ozocubu's Armour  |       |     6 |     9 |    35 |    22 ||    72
       Hailstorm         |       |       |    38 |   145 |   149 ||   332
       Lehudib's Crystal |       |       |       |       |     2 ||     2
Evoke: Wand              |       |       |       |     3 |     3 ||     6
  Use: Potion            |       |     1 |     1 |     5 |     6 ||    13
       Scroll            |       |       |     4 |     1 |     5 ||    10
Armor: Skin              |     6 |    29 |    18 |    17 |    61 ||   131
Dodge: Dodged            |    36 |    80 |    46 |   152 |   223 ||   537

Table legend: (Time is in decaauts)
 A = Elapsed time spent in this place.
 B = Non-inter-level travel time spent in this place.
 C = Inter-level travel time spent in this place.
 D = Time resting spent in this place.
 E = Time spent auto-exploring this place.
 F = Levels seen in this place.
 G = Mean time per level.
                   A        B        C        D        E       F      G
               +--------+--------+--------+--------+--------+-----+--------+
         Total |  28723 |  26819 |   1904 |   6048 |  17238 |  17 | 1689.6 |
       Dungeon |  17863 |  16246 |   1617 |   4568 |   9404 |  11 | 1623.9 |
        Temple |    185 |    127 |     58 |      0 |    113 |   1 |  185.0 |
          Lair |  10674 |  10445 |    229 |   1480 |   7721 |   5 | 2134.8 |
               +--------+--------+--------+--------+--------+-----+--------+

Top non-repeatable levels by time:
  Lair:5: 3040 daAuts
  Lair:2: 2447 daAuts
    D:11: 2280 daAuts
  Lair:3: 2047 daAuts
     D:2: 2036 daAuts
     D:6: 1890 daAuts
     D:3: 1828 daAuts
     D:8: 1741 daAuts
  Lair:4: 1656 daAuts
    D:10: 1611 daAuts
  Lair:1: 1481 daAuts
     D:4: 1425 daAuts
     D:7: 1401 daAuts
     D:9: 1350 daAuts
     D:5: 1284 daAuts
